| TOP OF THE 1ST |
|
Reading Fightin Phils batting - Pitching for Mobile BayBears : RHP Eric Richards
|
|
Pitching: RHP Eric Richards
|
|
|
Batting: RHB Steve Jones
|
0-0: Foul Ball, location: 2F 0-1: Ground out 6-3 (Groundball, 56, EV 102.5 MPH)
|
|
Batting: RHB Chris Myers
|
0-0: Called Strike 0-1: Foul Ball, location: 2F 0-2: Ball 1-2: Ball 2-2: Ball 3-2: TRIPLE (Flyball, 9LD, EV 111.9 MPH)
|
|
Batting: RHB Alan Weller
|
0-0: Ball 1-0: Foul Ball, location: 2F 1-1: Fly out, F4 (Line Drive, 4, EV 61.9 MPH)
|
|
Batting: RHB Zach Downs
|
0-0: Ball 1-0: Swinging Strike 1-1: Called Strike 1-2: Foul Ball, location: 2F 1-2: Strikes out looking
|
| Top of the 1st over - 0 runs, 1 hit, 0 errors, 1 left on base; Reading 0 - Mobile 0 |
| BOTTOM OF THE 1ST |
|
Mobile BayBears batting - Pitching for Reading Fightin Phils : RHP Jeff Dailey
|
|
Pitching: RHP Jeff Dailey
|
|
|
Batting: RHB Edgar Garcia
|
0-0: Ball 1-0: Called Strike 1-1: Ball 2-1: Ball 3-1: Base on Balls
|
|
Batting: LHB Willie Gutierrez
|
0-0: Swinging Strike 0-1: Called Strike 0-2: Foul Ball, location: 2F 0-2: Foul Ball, location: 2F 0-2: Ball 1-2: Ball 2-2: Strikes out looking
|
|
Batting: RHB Chris Bittner
|
0-0: Called Strike Edgar Garcia steals 2nd base 0-1: Called Strike Edgar Garcia steals 3rd, throwing error, E2 Edgar Garcia scores 0-2: Fly out, F8 (Line Drive, 8LM, EV 88.1 MPH)
|
|
Pitching: RHP T.J. Gray
|
|
|
Batting: RHB Marlon Reda
|
0-0: Called Strike 0-1: Foul Ball, location: 2F 0-2: Ball 1-2: Foul Ball, location: 2F 1-2: Ball 2-2: Foul Ball, location: 2F 2-2: Fly out, F8 (Flyball, 8LM, EV 87.5 MPH)
|
| Bottom of the 1st over - 1 run, 0 hits, 1 error, 0 left on base; Reading 0 - Mobile 1 |
| TOP OF THE 2ND |
|
Reading Fightin Phils batting - Pitching for Mobile BayBears : RHP Eric Richards
|
|
Batting: LHB Danny Zuniga
|
0-0: Ball 1-0: Ball 2-0: Fly out, F8 (Flyball, 8LD, EV 101.9 MPH)
|
|
Batting: RHB Matt McDevitt
|
0-0: Called Strike 0-1: Ground out 4-3 (Groundball, 4, EV 83.1 MPH)
|
|
Batting: LHB Rich Kuehne
|
0-0: Swinging Strike 0-1: Fly out, F9 (Flyball, 9LS, EV 88.8 MPH)
|
| Top of the 2nd over - 0 runs, 0 hits, 0 errors, 0 left on base; Reading 0 - Mobile 1 |
| BOTTOM OF THE 2ND |
|
Mobile BayBears batting - Pitching for Reading Fightin Phils : RHP T.J. Gray
|
|
Batting: RHB Andy Schuett
|
0-0: Ball 1-0: Ball 2-0: Ball 3-0: Called Strike 3-1: Called Strike 3-2: Strikes out swinging
|
|
Batting: RHB Franklin Villanueva
|
0-0: Ball 1-0: DOUBLE (Flyball, 78D, EV 92.5 MPH)
|
|
Batting: RHB Scott Carr
|
0-0: Ground out 5-3 (Groundball, 56S, EV 90.6 MPH)
|
|
Batting: RHB Yasuo Nakata
|
0-0: Foul Ball, location: 2F 0-1: Foul Ball, location: 2F 0-2: Foul Ball, location: 2F 0-2: Ball Wild Pitch! Franklin Villanueva to third 1-2: Foul Ball, location: 2F 1-2: Strikes out swinging
|
| Bottom of the 2nd over - 0 runs, 1 hit, 0 errors, 1 left on base; Reading 0 - Mobile 1 |
| TOP OF THE 3RD |
|
Reading Fightin Phils batting - Pitching for Mobile BayBears : RHP Eric Richards
|
|
Batting: LHB Tsuneharu Nishimura
|
0-0: Ball 1-0: Called Strike 1-1: SINGLE (Groundball, 6M, EV 83.1 MPH) (infield hit)
|
|
Batting: RHB Allen Deschamps
|
0-0: Ball 1-0: Called Strike 1-1: SINGLE (Line Drive, 7S, EV 104.4 MPH) Tsuneharu Nishimura to second
|
|
Batting: RHB Steve Jones
|
0-0: Ball 1-0: Called Strike 1-1: Fielders Choice at 2nd, 6-4 (Groundball, 6S, EV 83.1 MPH) Tsuneharu Nishimura to third
|
|
Batting: RHB Chris Myers
|
0-0: Ball 1-0: SINGLE (Groundball, 4M, EV 100.6 MPH) (infield hit) Tsuneharu Nishimura scores Steve Jones to second
|
|
Batting: RHB Alan Weller
|
0-0: Called Strike 0-1: Swinging Strike 0-2: Ball 1-2: Strikes out swinging
|
|
Batting: RHB Zach Downs
|
0-0: Called Strike 0-1: Ball 1-1: Ball 2-1: Swinging Strike 2-2: Foul Ball, location: 2F 2-2: Fielders Choice at 2nd, 6-4 (Groundball, 6, EV 81.2 MPH)
|
| Top of the 3rd over - 1 run, 3 hits, 0 errors, 2 left on base; Reading 1 - Mobile 1 |
| BOTTOM OF THE 3RD |
|
Mobile BayBears batting - Pitching for Reading Fightin Phils : RHP T.J. Gray
|
|
Batting: RHB Curt Barrett
|
0-0: DOUBLE (Line Drive, 9LM, EV 101.2 MPH)
|
|
Batting: RHB Edgar Garcia
|
0-0: Fly out, F8 (Flyball, 8RXD, EV 110.6 MPH) Runner from 2nd tags up, SAFE at 3rd, no throw by CF
|
|
Batting: LHB Willie Gutierrez
|
0-0: Called Strike 0-1: SINGLE (Groundball, 34D, EV 95.0 MPH) Curt Barrett scores
|
|
Batting: RHB Chris Bittner
|
0-0: Ball Willie Gutierrez steals 2nd base 1-0: Ball 2-0: 2-RUN HOME RUN (Flyball, 7D, EV 98.8 MPH), Distance : 386 ft
|
|
Pitching: RHP Rome Corona
|
|
|
Batting: RHB Marlon Reda
|
0-0: Called Strike 0-1: Ball 1-1: Fly out, F8 (Flyball, 8RXD, EV 88.1 MPH)
|
|
Batting: RHB Andy Schuett
|
0-0: Called Strike 0-1: Foul Ball, location: 2F 0-2: Foul Ball, location: 2F 0-2: Ball 1-2: SINGLE (Groundball, 4MD, EV 100.0 MPH)
|
|
Batting: RHB Franklin Villanueva
|
0-0: Called Strike 0-1: Ball 1-1: Ball 2-1: Ball 3-1: Foul Ball, location: 2F 3-2: Base on Balls Andy Schuett to second
|
|
Batting: RHB Scott Carr
|
0-0: Swinging Strike 0-1: Swinging Strike 0-2: Strikes out looking
|
| Bottom of the 3rd over - 3 runs, 4 hits, 0 errors, 2 left on base; Reading 1 - Mobile 4 |
| TOP OF THE 4TH |
|
Reading Fightin Phils batting - Pitching for Mobile BayBears : RHP Eric Richards
|
|
Batting: LHB Danny Zuniga
|
0-0: Called Strike 0-1: Ball 1-1: Foul Ball, location: 2F 1-2: Strikes out looking
|
|
Batting: RHB Matt McDevitt
|
0-0: SINGLE (Line Drive, 3D, EV 97.5 MPH)
|
|
Batting: LHB Rich Kuehne
|
0-0: Ball 1-0: SINGLE (Groundball, 4D, EV 103.1 MPH) Matt McDevitt to second
|
|
Batting: LHB Tsuneharu Nishimura
|
0-0: Ball 1-0: Swinging Strike 1-1: Swinging Strike 1-2: Strikes out swinging
|
|
Batting: RHB Allen Deschamps
|
0-0: Ground out 3-1 (Groundball, 34, EV 85.6 MPH)
|
| Top of the 4th over - 0 runs, 2 hits, 0 errors, 2 left on base; Reading 1 - Mobile 4 |
| BOTTOM OF THE 4TH |
|
Mobile BayBears batting - Pitching for Reading Fightin Phils : RHP Rome Corona
|
|
Batting: RHB Yasuo Nakata
|
0-0: Ball 1-0: Ball 2-0: Ball 3-0: Base on Balls
|
|
Batting: RHB Curt Barrett
|
0-0: Called Strike 0-1: Foul Ball, location: 2F 0-2: Strikes out swinging
|
|
Batting: RHB Edgar Garcia
|
0-0: Foul Ball, location: 2F 0-1: Foul Ball, location: 2F 0-2: Ball 1-2: Foul Ball, location: 2F 1-2: Ball 2-2: Ball 3-2: Foul Ball, location: 2F 3-2: Foul Ball, location: 2F 3-2: Foul Ball, location: 2F 3-2: Foul Ball, location: 2F 3-2: Base on Balls Yasuo Nakata to second
|
|
Batting: LHB Willie Gutierrez
|
0-0: Called Strike 0-1: Called Strike 0-2: Ball 1-2: Strikes out swinging
|
|
Batting: RHB Chris Bittner
|
0-0: Ball 1-0: Called Strike 1-1: Foul Ball, location: 2F 1-2: Fly out, F8 (Flyball, 8RXD, EV 90.6 MPH)
|
| Bottom of the 4th over - 0 runs, 0 hits, 0 errors, 2 left on base; Reading 1 - Mobile 4 |
| TOP OF THE 5TH |
|
Reading Fightin Phils batting - Pitching for Mobile BayBears : RHP Eric Richards
|
|
Batting: RHB Steve Jones
|
0-0: Fly out, F1 (Line Drive, P, EV 74.4 MPH)
|
|
Batting: RHB Chris Myers
|
0-0: Foul Ball, location: 2F 0-1: Foul Ball, location: 2F 0-2: Ball 1-2: Ball 2-2: Strikes out swinging
|
|
Batting: RHB Alan Weller
|
0-0: Called Strike 0-1: Ball 1-1: Foul Ball, location: 2F 1-2: Ball 2-2: Ball 3-2: Foul Ball, location: 2F 3-2: Base on Balls
|
|
Batting: RHB Zach Downs
|
0-0: Called Strike 0-1: Fly out, F7 (Line Drive, 7, EV 91.9 MPH)
|
| Top of the 5th over - 0 runs, 0 hits, 0 errors, 1 left on base; Reading 1 - Mobile 4 |
| BOTTOM OF THE 5TH |
|
Mobile BayBears batting - Pitching for Reading Fightin Phils : RHP Rome Corona
|
|
Batting: RHB Marlon Reda
|
0-0: Fly out, F9 (Flyball, 89M, EV 74.4 MPH)
|
|
Batting: RHB Andy Schuett
|
0-0: Ball 1-0: SINGLE (Groundball, 6MD, EV 100.0 MPH)
|
|
Batting: RHB Franklin Villanueva
|
0-0: Called Strike 0-1: Ball 1-1: Called Strike 1-2: Ball 2-2: Ball 3-2: Fly out, F7 (Line Drive, 7, EV 109.4 MPH)
|
|
Batting: RHB Scott Carr
|
0-0: Called Strike 0-1: Ball 1-1: Foul Ball, location: 2F 1-2: Strikes out looking
|
| Bottom of the 5th over - 0 runs, 1 hit, 0 errors, 1 left on base; Reading 1 - Mobile 4 |
| TOP OF THE 6TH |
|
Reading Fightin Phils batting - Pitching for Mobile BayBears : RHP Eric Richards
|
|
Batting: LHB Danny Zuniga
|
0-0: Ball 1-0: Called Strike 1-1: Ball 2-1: Fly out, F6 (Popup, 4MD, EV 55.6 MPH)
|
|
Batting: RHB Matt McDevitt
|
0-0: Ball 1-0: Called Strike 1-1: SINGLE (Line Drive, 7S, EV 110.0 MPH)
|
|
Batting: LHB Rich Kuehne
|
0-0: Ball 1-0: DOUBLE (Line Drive, 9LM, EV 105.6 MPH) Matt McDevitt to third Runner from 3rd tries for Home, SAFE, throw by RF to home
|
|
Batting: LHB Tsuneharu Nishimura
|
0-0: Called Strike 0-1: Ball 1-1: Ground out 4-3 (Groundball, 4, EV 85.0 MPH) Rich Kuehne to third
|
|
Batting: RHB Allen Deschamps
|
0-0: Ball 1-0: Called Strike 1-1: Called Strike 1-2: Strikes out looking
|
| Top of the 6th over - 1 run, 2 hits, 0 errors, 1 left on base; Reading 2 - Mobile 4 |
| BOTTOM OF THE 6TH |
|
Mobile BayBears batting - Pitching for Reading Fightin Phils : RHP Rome Corona
|
|
Batting: LHB T.J. Duvall
|
0-0: Ball 1-0: Swinging Strike 1-1: Called Strike 1-2: Ball 2-2: Ground out 4-3 (Groundball, 4, EV 87.5 MPH)
|
|
Batting: RHB Curt Barrett
|
0-0: Ball 1-0: Called Strike 1-1: Swinging Strike 1-2: Foul Ball, location: 2F 1-2: Ball 2-2: Strikes out swinging
|
|
Batting: RHB Edgar Garcia
|
0-0: Ball 1-0: Ball 2-0: Foul Ball, location: 2F 2-1: Ball 3-1: Base on Balls
|
|
Pitching: LHP Wil Diaz
|
|
|
Batting: LHB Willie Gutierrez
|
0-0: Ball 1-0: Foul Ball, location: 2F 1-1: Foul Ball, location: 2F 1-2: Ball 2-2: Ground out 4-3 (Groundball, 34, EV 88.1 MPH)
|
| Bottom of the 6th over - 0 runs, 0 hits, 0 errors, 1 left on base; Reading 2 - Mobile 4 |
| TOP OF THE 7TH |
|
Reading Fightin Phils batting - Pitching for Mobile BayBears : RHP Eric Richards
|
|
Batting: RHB Steve Jones
|
0-0: Called Strike 0-1: Foul Ball, location: 2F 0-2: Ground out U3 (Groundball, 34, EV 85.0 MPH)
|
|
Batting: RHB Chris Myers
|
0-0: Ball 1-0: Swinging Strike 1-1: Swinging Strike 1-2: Strikes out swinging
|
|
Batting: RHB Alan Weller
|
0-0: Foul Ball, location: 2F 0-1: Ball 1-1: Fly out, F6 (Popup, P, EV 79.4 MPH)
|
| Top of the 7th over - 0 runs, 0 hits, 0 errors, 0 left on base; Reading 2 - Mobile 4 |
| BOTTOM OF THE 7TH |
|
Mobile BayBears batting - Pitching for Reading Fightin Phils : LHP Wil Diaz
|
|
Batting: RHB Chris Bittner
|
0-0: Ball 1-0: Ball 2-0: Called Strike 2-1: Called Strike 2-2: Foul Ball, location: 2F 2-2: Foul Ball, location: 2F 2-2: Ball 3-2: Strikes out swinging
|
|
Batting: RHB Marlon Reda
|
0-0: Ball 1-0: Foul Ball, location: 2F 1-1: Ball 2-1: DOUBLE (Line Drive, 9LD, EV 109.4 MPH)
|
|
Batting: RHB Andy Schuett
|
0-0: Ball Wild Pitch! Marlon Reda to third 1-0: Ball 2-0: Reached via error on a dropped throw from 3B, E3 (Groundball, 56S, EV 61.9 MPH) Marlon Reda scores
|
|
Batting: RHB Franklin Villanueva
|
0-0: Ball 1-0: Called Strike Andy Schuett steals 2nd base 1-1: Foul Ball, location: 2F 1-2: Ball 2-2: Ball 3-2: Foul Ball, location: 2F 3-2: Reached on error, E5 (Groundball, 5, EV 110.0 MPH) Andy Schuett to third
|
|
Batting: RHB Scott Carr
|
0-0: Ball 1-0: Ball 2-0: Ball 3-0: Base on Balls Franklin Villanueva to second
|
|
Batting: LHB T.J. Duvall
|
0-0: Ball 1-0: Called Strike 1-1: Foul Ball, location: 2F 1-2: Ball 2-2: Foul Ball, location: 2F 2-2: Fly out, F8 (Flyball, 78D, EV 102.5 MPH) Runner from 3rd tags up, SCORES, throw by CF Franklin Villanueva to third
|
|
Batting: RHB Curt Barrett
|
0-0: Called Strike 0-1: Ball 1-1: Foul Ball, location: 2F 1-2: Strikes out swinging
|
| Bottom of the 7th over - 2 runs, 1 hit, 2 errors, 2 left on base; Reading 2 - Mobile 6 |
| TOP OF THE 8TH |
|
Reading Fightin Phils batting - Pitching for Mobile BayBears : RHP Eric Richards
|
|
Pitching: RHP Nate Bixler
|
|
|
Batting: RHB Zach Downs
|
0-0: SINGLE (Line Drive, 4D, EV 109.4 MPH)
|
|
Batting: LHB Danny Zuniga
|
0-0: Ball 1-0: Called Strike 1-1: Swinging Strike 1-2: Fly out, F8 (Flyball, 78D, EV 94.4 MPH)
|
|
Batting: RHB Matt McDevitt
|
0-0: SINGLE (Groundball, 6D, EV 107.5 MPH) Zach Downs to second
|
|
Batting: LHB Rich Kuehne
|
0-0: Ball 1-0: Ball 2-0: Fly out, F8 (Flyball, 8RD, EV 101.2 MPH)
|
|
Batting: LHB Tsuneharu Nishimura
|
0-0: Ball 1-0: Foul Ball, location: 2F 1-1: Ball 2-1: Foul Ball, location: 2F 2-2: Strikes out looking
|
| Top of the 8th over - 0 runs, 2 hits, 0 errors, 2 left on base; Reading 2 - Mobile 6 |
| BOTTOM OF THE 8TH |
|
Mobile BayBears batting - Pitching for Reading Fightin Phils : LHP Wil Diaz
|
|
Pitching: LHP Scott Hopkins
|
|
|
Batting: RHB Edgar Garcia
|
0-0: Called Strike 0-1: Ground out 5-3 (Groundball, 56S, EV 80.0 MPH)
|
|
Batting: LHB Willie Gutierrez
|
0-0: Foul Ball, location: 2F 0-1: Foul Ball, location: 2F 0-2: SINGLE (Groundball, 34D, EV 100.0 MPH)
|
|
Batting: RHB Chris Bittner
|
0-0: Called Strike 0-1: Called Strike Willie Gutierrez steals 2nd base 0-2: Foul Ball, location: 2F 0-2: Ball 1-2: Foul Ball, location: 2F 1-2: Ball 2-2: Ground out 6-3 (Groundball, 6, EV 98.1 MPH)
|
|
Batting: RHB Marlon Reda
|
0-0: Called Strike 0-1: Ball 1-1: Ground out U3 (Groundball, 3, EV 103.1 MPH)
|
| Bottom of the 8th over - 0 runs, 1 hit, 0 errors, 1 left on base; Reading 2 - Mobile 6 |
| TOP OF THE 9TH |
|
Reading Fightin Phils batting - Pitching for Mobile BayBears : RHP Nate Bixler
|
|
Pitching: LHP Yorihiko Honda
|
|
|
Batting: RHB Allen Deschamps
|
0-0: Ball 1-0: Called Strike 1-1: Ball 2-1: Foul Ball, location: 2F 2-2: Strikes out looking
|
|
Batting: RHB Steve Jones
|
0-0: Swinging Strike 0-1: Ball 1-1: Swinging Strike 1-2: Ground out 5-3 (Groundball, 56S, EV 85.0 MPH)
|
|
Batting: RHB Chris Myers
|
0-0: Called Strike 0-1: Ball 1-1: Called Strike 1-2: Ground out 5-3 (Groundball, 56S, EV 94.4 MPH)
|
| Top of the 9th over - 0 runs, 0 hits, 0 errors, 0 left on base; Reading 2 - Mobile 6 |
|